 Dungeon Crawl Stone Soup version 0.20.1-1-g8b1a95d66d (webtiles) character file.

526257 Ivernyr the Merry Centaur (level 24, 0/222 HPs)
             Began as a Centaur Hunter on Dec 10, 2017.
             Was the Champion of Okawaru.
             Splashed by a caustic shrike's acid (3 damage)
             ... on level 2 of the Depths on Dec 14, 2017.
             The game lasted 07:17:02 (76455 turns).

Ivernyr the Merry Centaur (Centaur Hunter)         Turns: 76455, Time: 07:17:04

Health: 0/222      AC: 25    Str: 17    XL:     24   Next: 27%
Magic:  38/38      EV: 20    Int: 26    God:    Okawaru [******]
Gold:   4319       SH:  3    Dex: 30    Spells: 19/31 levels left

rFire    + . .     SeeInvis +   a - +10 longbow "Heits" {flame, Int+10}
rCold    x . .     Gourm    .   (shield currently unavailable)
rNeg     + . .     Faith    .   U - +6 leather armour of Conscience {rPois rC- rCorr Int+6}
rPois    +         Spirit   .   u - +2 helmet {SInv}
rElec    .         Reflect  +   N - scarf of a sewer {Dex+4}
rCorr    +         Harm     .   Y - +2 pair of gloves {archery}
MR       +++..     Clarity  +   b - +3 centaur barding {rF+}
Stlth    +++.......             P - amulet "Epseco Wuty" {Reflect MR+ SH+3 Stlth+}
Regen    0.5/turn               Z - +5 ring of slaying
MPRegen  0.3/turn               W - ring "Bigyoxurgh" {rN+ MP+9 Dex+6}

@: icy armour, corroded, quick
A: hooves 3, clarity, deformed body, speed 2, low mp 1, magic resistance 1,
tough skin 3
}: 3/15 runes: decaying, silver, gossamer
a: Heroism, Finesse, Renounce Religion


You were on level 2 of the Depths.
You worshipped Okawaru.
Okawaru was exalted by your worship.
You were not hungry.

You visited 9 branches of the dungeon, and saw 41 of its levels.
You visited 1 bazaar.
You also visited: Labyrinth, Trove, Ice Cave and Desolation.

You collected 6159 gold pieces.
You spent 1840 gold pieces at shops.

Inventory:

Hand Weapons
 a - the +10 longbow "Heits" (weapon) {flame, Int+10}
   (Okawaru gifted it to you on level 4 of the Vaults)

   It causes projectiles fired from it to burn those they strike, causing extra
   injury to most foes and up to half again as much damage against particularly
   susceptible opponents.
   It affects your intelligence (+10).
 i - the +9 longbow of Maricaaj {velocity, rC+}
   (You found it in a treasure trove)

   Any arrow fired from it inflicts extra damage.
   It protects you from cold.
Missiles
 d - 1812 arrows (quivered)
Armour
 b - a +3 centaur barding of fire resistance (worn)
 u - a +2 helmet of see invisible (worn)
 N - the scarf of a sewer (worn) {Dex+4}
   (Okawaru gifted it to you on level 2 of the Vaults)

   It affects your dexterity (+4).
 U - the +6 leather armour of Conscience (worn) {rPois rC- rCorr Int+6}
   (You found it on level 2 of the Spider Nest)

   It affects your intelligence (+6).
   It makes you vulnerable to cold.
   It protects you from poison.
   It protects you from acid and corrosion.
 Y - a +2 pair of gloves of archery (worn)
Jewellery
 e - the ring of Irphy {rPois rF+ MR+ Str+5}
   (You found it on level 2 of the Spider Nest)

   [ring of poison resistance]

   It affects your strength (+5).
   It protects you from fire.
   It protects you from poison.
   It affects your resistance to hostile enchantments.
 q - the ring of Muipnir {rN+ Dex+2}
   (You found it on level 2 of the Depths)

   [ring of dexterity]

   It affects your dexterity (+2).
   It protects you from negative energy.
 D - the ring of the Pariah {rElec rF- rC+++ MP+9 Int-2}
   (You found it in an ice cave)

   [ring of magical power]

   It affects your intelligence (-2).
   It makes you vulnerable to fire.
   It renders you almost immune to cold.
   It insulates you from electricity.
   It affects your magic capacity (+9).
 P - the amulet "Epseco Wuty" (around neck) {Reflect MR+ SH+3 Stlth+}
   (You found it on level 15 of the Dungeon)

   [amulet of reflection]

   It shields you and reflects attacks.
   It affects your resistance to hostile enchantments.
   It affects your SH (+3).
   It makes you more stealthy.
 T - an uncursed ring of protection from cold
 W - the ring "Bigyoxurgh" (right hand) {rN+ MP+9 Dex+6}
   (You found it in a treasure trove)

   [ring of positive energy]

   It affects your dexterity (+6).
   It protects you from negative energy.
   It affects your magic capacity (+9).
 Z - a +5 ring of slaying (left hand)
Scrolls
 c - 9 scrolls of amnesia
 g - a scroll of enchant armour
 j - 28 scrolls of remove curse
 m - 8 scrolls of teleportation
 s - 11 scrolls of enchant weapon
 y - 3 scrolls of holy word
 A - a scroll of fear
 B - 2 scrolls of summoning
 C - a scroll of magic mapping
 H - 2 scrolls of brand weapon
 L - 4 scrolls of silence
 O - 3 scrolls of torment
 S - 6 scrolls of recharging
 V - 3 scrolls of identify
 X - 6 scrolls of fog
Potions
 h - 3 potions of resistance
 k - 9 potions of flight
 l - 6 potions of haste
 p - 17 potions of curing
 r - 4 potions of brilliance
 t - 6 potions of heal wounds
 v - 8 potions of ambrosia
 x - 6 potions of mutation
 E - a potion of agility
 F - a potion of cancellation
 J - 3 potions of might
 M - 7 potions of magic
 R - a potion of berserk rage
Comestibles
 f - 26 bread rations
 o - 21 meat rations
 w - 28 fruits
 z - 15 royal jellies


   Skills:
 + Level 19.4 Fighting
 O Level 27 Bows
 - Level 5.0 Armour
 + Level 12.1 Dodging
 - Level 0.4 Stealth
 + Level 19.2 Unarmed Combat
 + Level 4.3 Spellcasting
 - Level 10.0 Charms
 - Level 0.1 Transmutations
 - Level 13.0 Invocations


You had 19 spell levels left.
You knew the following spells:

 Your Spells              Type           Power        Failure   Level  Hunger
a - Blink                 Tloc           N/A          14%         2    None
b - Ozocubu's Armour      Chrm/Ice       ####....     3%          3    ##.....
c - Swiftness             Chrm/Air       ####....     1%          2    None
d - Blade Hands           Tmut           #.........   94%         5    #####..


Dungeon Overview and Level Annotations

Branches:
Dungeon (15/15)            Temple (1/1) D:5            Lair (6/6) D:8
  Swamp (4/4) Lair:4       Spider (4/4) Lair:4        Slime (0/5) Lair:6
    Orc (2/2) D:9             Elf (2/3) Orc:2        Vaults (5/5) D:13
  Crypt (0/3) Vaults:2     Depths (2/5) D:15

Altars:
Ashenzari
Cheibriados
Dithmenos
Elyvilon
Fedhas
Gozag
Hepliaklqana
Kikubaaqudgha
Makhleb
Nemelex Xobeh
Okawaru
Qazlal
Ru
Sif Muna
Trog
Uskayaw
Vehumet
Xom
Yredelemnul
Zin
The Shining One
Jiyva

Shops:
D:6 [   D:10 *   D:13 :   D:14 *   Orc:2 (*}*   Vaults:4 ?   Depths:1 *

Portals:
Hell: Depths:1
Abyss: Depths:2
Pandemonium: Depths:1
Ziggurat: Depths:2

Annotations:
D:5 Ivernyr's ghost, novice CeHu
D:10 2 transporters


Innate Abilities, Weirdness & Mutations

You have hooves in place of feet.
Armour fits poorly on your strangely shaped body.
You cover ground very quickly.
You have extremely tough skin. (AC +3)
You possess an exceptional clarity of mind.
Your magical capacity is low. (-10% MP)
You are resistant to hostile enchantments. (MR+)


Message History

The caustic shrike claws you.
* * * LOW HITPOINT WARNING * * *
The acid corrodes you!
You are splashed with acid!
The acid burns!
You resist.
* * * LOW HITPOINT WARNING * * *
The caustic shrike claws you but does no damage.
The caustic shrike claws you!
* * * LOW HITPOINT WARNING * * *
The acid corrodes you!
You are splashed with acid!
The acid burns!
You resist.
* * * LOW HITPOINT WARNING * * *
Okay, then.
Okay, then.
Okay, then.
As you read the scroll of fear, it crumbles to dust.
You assume a fearsome visage.
The caustic shrike looks frightened! x2
The caustic shrike resists with some effort.
The caustic shrike resists with almost no effort.
The caustic shrike closely misses you. The caustic shrike claws you!
* * * LOW HITPOINT WARNING * * *
You are splashed with acid!
The acid burns!
You resist.
You die...

..#.# #....#†...#.. ....#
#.⌠..'....#.. ....# #....'....#..
..'### ##)..###'..#.. ##'..#
###########''..#..'###.≈ #....##
##....##....''###....#..8
##....###.....''.⌠.b.###).).##..≈
.#..≈..##)....''bb...##.....#..≈≈
.##.≈..))'#...##@.b###.....##....
..##.≈≈...##########......##.....
).###.....#........#.....###....#
.''###...##........''...###''..##
#''.(###.#..........#.###..)'###.
##.....###..........###.....###..
##....)..#''#########....†..##...
.##.).....)...##.......≈...##....
..##....⌠.....''....≈8≈≈..##....∩


You could see 4 caustic shrikes.

Vanquished Creatures
  The ghost of Ge0ff the Impaler, a master MfVM of Hepliaklqana (Depths:2)
  Margery (Vaults:5)
  A bone dragon (Swamp:4)
  5 tentacled monstrosities
  2 liches
  The ghost of Romulous the Phalangite, an adept MiFi of Okawaru (Elf:1)
  A deep elf blademaster (Elf:2)
  10 titans
  Frances (D:13)
  A quicksilver dragon (Vaults:4)
  4 sphinxes
  Agnes (Elf:2)
  The ghost of Necrophagist the Warrior, an adept CeWr of Okawaru (Elf:2)
  10 tengu reavers
  2 shadow dragons (Vaults:5)
  6 storm dragons
  Roxanne (Swamp:1)
  A revenant (Vaults:2)
  An iron dragon (Vaults:5)
  9 frost giants
  17 vault wardens
  9 fire giants
  7 emperor scorpions
  3 deep elf sorcerers
  Louise (D:14)
  5 ghost moths
  3 deep elf elementalists (Vaults:5)
  A ghoul (Vaults:2)
  6 war gargoyles
  16 ironheart preservers
  12 stone giants
  7 very ugly things
  4 entropy weavers
  2 deep elf annihilators
  2 spark wasps
  Azrael (D:13)
  9 ettins
  Snorg (D:13)
  A minotaur (Lab)
  2 fire dragons (Vaults:4)
  A deep elf high priest (Vaults:5)
  11 yaktaur captains
  Erolcha (Orc:1)
  12 ogre magi
  6 great orbs of eyes
  15 hydras
  A spriggan air mage (Depths:2)
  5 catoblepae
  5 rakshasas
  37 vault guards
  The ghost of fartsinmyface the Unseen, a journeyman FeEn (Elf:1)
  Erica (Lair:2)
  2 ghost crabs (Swamp:2)
  7 ice dragons
  11 alligators
  18 centaur warriors
  4 death yaks (Lair:6)
  38 two-headed ogres
  3 tengu warriors
  The ghost of Gargoyl the Envoy of Void, a novice CeAK of Lugonu (D:9)
  5 death knights
  6 deep troll earth magi
  7 deep troll shamans
  23 dancing weapons
  A shock serpent (shapeshifter) (Depths:1)
  13 hell knights
  11 skeletal warriors
  18 deep elf knights
  Urug (Orc:2)
  19 deep trolls
  2 swamp dragons
  An unseen horror (shapeshifter) (Elf:2)
  A glowing orange brain (Depths:2)
  5 unseen horrors
  2 shadow wraiths
  The ghost of Peloso the Slasher, a novice HaFi of Okawaru (D:6)
  A spriggan druid (Swamp:4)
  A deep troll (shapeshifter) (Vaults:5)
  A sea snake (shapeshifter) (Elf:1)
  4 wizards
  2 shambling mangroves
  5 phantasmal warriors
  14 orc knights
  12 deep elf archers
  9 ironbrand convokers
  4 harpies (Vaults:3)
  3 orc sorcerers
  19 orb spiders
  3 spectral hydras (Swamp:4)
  An oklob plant (Lair:1)
  A wolf spider (shapeshifter) (Vaults:2)
  25 wolf spiders
  49 deep elf magi
  4 cyclopes
  A manticore (shapeshifter) (Depths:1)
  24 ugly things
  A moth of wrath (Spider:4)
  3 elephants (Lair:5)
  2 manticores (Lair:6)
  The ghost of XYNTA the Nimble, a novice FeBe of Trog (D:10)
  Maurice (Orc:2)
  2 guardian serpents (shapeshifter)
  2 ice statues (IceCv)
  15 vault sentinels
  6 black mambas
  A black mamba (shapeshifter) (Vaults:5)
  A gargoyle (D:10)
  A kobold demonologist (D:12)
  18 spiny frogs
  2 torpor snails
  3 rime drakes
  25 yaktaurs
  An efreet (D:15)
  3 tengu conjurers
  7 komodo dragons
  16 demonic crawlers
  8 ice devils (IceCv)
  2 swamp worm zombies (Swamp:4)
  8 freezing wraiths
  11 trolls
  5 polar bears
  2 harpy skeletons
  A hydra zombie (Swamp:4)
  24 hornets
  Prince Ribbit (D:9)
  3 meliai (D:15)
  8 tyrant leeches
  28 jumping spiders
  2 tengu simulacra
  A wolf spider simulacrum (D:15)
  47 slime creatures
  2 queen bees (shapeshifter)
  27 blink frogs
  4 spectral swamp dragons (Swamp:4)
  6 dream sheep (Lair:5)
  13 hippogriffs
  9 bog bodies
  A dream sheep (shapeshifter) (Vaults:3)
  A hippogriff (shapeshifter) (Elf:2)
  5 alligator zombies (Swamp:4)
  A centaur simulacrum (D:12)
  29 tarantellas
  A tarantella (shapeshifter) (Depths:2)
  6 air elementals
  93 redbacks
  5 spriggans
  4 basilisks
  3 water elementals
  6 wyverns
  3 shadows
  3 fire elementals
  3 hogs (D:8)
  49 yaks
  A vampire (D:15)
  7 wraiths
  A human (D:8)
  12 vampire mosquitoes
  8 hungry ghosts
  A human (shapeshifter) (Depths:2)
  5 wargs
  A swamp worm (shapeshifter) (Depths:1)
  24 swamp worms
  Edmund (D:6)
  16 insubstantial wisps
  A soldier ant (D:13)
  2 acid dragons
  10 porcupines
  A floating eye (shapeshifter) (Vaults:5)
  5 hell hounds (D:13)
  6 ice beasts
  16 water moccasins
  4 sky beasts
  42 orc warriors
  2 eyes of draining
  A sky beast (shapeshifter) (Elf:1)
  5 swamp dragon zombies (Swamp:4)
  10 swamp drakes
  9 phantoms
  35 ogres
  3 necrophages
  A boggart (shapeshifter) (Vaults:5)
  13 wolves
  6 boggarts
  39 centaurs
  10 crocodiles
  3 big kobolds
  17 bullfrogs
  A wyvern zombie (D:7)
  3 earth elementals
  3 scorpions
  11 killer bees
  4 wights (D:14)
  6 howler monkeys
  An electric eel (Lair:4)
  5 crimson imps
  8 jellies
  3 bullfrog zombies
  A wyvern simulacrum (D:15)
  A human simulacrum (Vaults:1)
  A quasit (D:10)
  4 centaur zombies
  17 hounds
  14 orc priests
  A hound (shapeshifter) (Vaults:2)
  23 orc wizards
  2 bullfrog skeletons
  8 centaur skeletons
  An iguana (shapeshifter) (Vaults:5)
  An iguana (D:7)
  11 worker ants
  A killer bee zombie (D:8)
  A hound zombie (D:6)
  3 hound skeletons
  2 worker ant zombies
  14 gnolls
  A gnoll (shapeshifter) (D:15)
  11 adders
  A swamp drake zombie (Swamp:4)
  5 shadow imps
  11 white imps
  7 ufetubi (IceCv)
  7 oozes
  2 adder zombies
  4 adder skeletons
  2 dart slugs
  5 leopard geckos
  80 orcs
  3 ball pythons
  5 bats
  9 giant cockroaches
  10 goblins
  11 hobgoblins
  6 jackals
  30 kobolds
  4 quokkas
  5 frilled lizards
  2 jackal skeletons
  2 leopard gecko zombies
  A quokka skeleton (D:5)
  5 rats
  A fungus (Lair:6)
  A plant (Lair:1)
1884 creatures vanquished.

Vanquished Creatures (others)
  A reaper (IceCv)
  A stone giant (Vaults:5)
  A deep elf archer (Vaults:2)
  A wizard (D:15)
  An orc knight (Vaults:4)
  A spiny frog (Lair:6)
  A yaktaur (Vaults:4)
  A hydra zombie (Swamp:4)
  A redback zombie (D:13)
  2 blink frogs (Lair:6)
  A water elemental (Elf:1)
  A swamp worm (Swamp:2)
  2 insubstantial wisps (Swamp:2)
  An orc warrior (Orc:2)
  2 centaurs
  An orc priest (Orc:1)
  A white imp (IceCv)
  An ufetubus (IceCv)
  An orc (Orc:2)
  2 bushes
  23 fungi
  60 plants
107 creatures vanquished.

Grand Total: 1991 creatures vanquished

Notes
Turn   | Place    | Note
-------+----------+-------------------------------------------
     0 | D:1      | Ivernyr the Centaur Hunter began the quest for the Orb.
     0 | D:1      | Reached XP level 1. HP: 17/17 MP: 1/1
   241 | D:1      | Reached XP level 2. HP: 9/24 MP: 2/2
   946 | D:1      | Reached skill level 1 in Unarmed Combat
  1136 | D:1      | Reached XP level 3. HP: 30/30 MP: 3/3
  1566 | D:1      | Reached skill level 6 in Bows
  1609 | D:2      | Found a glowing golden altar of the Shining One.
  1616 | D:2      | Found a white marble altar of Elyvilon.
  1632 | D:2      | Found a shattered altar of Ashenzari.
  1729 | D:2      | Found a shimmering altar of Xom.
  2093 | D:2      | Found a hazy altar of Hepliaklqana.
  2168 | D:2      | You fall through a shaft!
  2295 | D:2      | Found a faded altar of an unknown god.
  2529 | D:3      | Reached XP level 4. HP: 30/37 MP: 4/4
  3236 | D:3      | Found an ancient bone altar of Kikubaaqudgha.
  3240 | D:3      | Reached XP level 5. HP: 34/42 MP: 5/5
  3527 | D:3      | Found an opulent altar of Gozag.
  3648 | D:4      | Noticed an ogre
  3648 | D:4      | Noticed an ogre
  3689 | D:3      | Killed an ogre
  3689 | D:3      | Reached skill level 7 in Bows
  3880 | D:3      | Killed an ogre
  3880 | D:3      | Reached XP level 6. HP: 14/51 MP: 6/6
  4250 | D:4      | Found a blossoming altar of Fedhas.
  4345 | D:4      | Reached skill level 8 in Bows
  4581 | D:4      | Found a deep blue altar of Sif Muna.
  4668 | D:4      | Reached XP level 7. HP: 41/57 MP: 7/7
  4788 | D:5      | Entered Level 5 of the Dungeon
  5459 | D:5      | Found a staircase to the Ecumenical Temple.
  5551 | D:5      | Noticed Ivernyr's ghost (novice CeHu)
  5559 | Temple   | Entered the Ecumenical Temple
  5634 | Temple   | Became a worshipper of Warmaster Okawaru
  5728 | D:5      | Reached skill level 9 in Bows
  6003 | D:5      | Found a sparkling altar of Nemelex Xobeh.
  6046 | D:5      | Got a serpentine pewter ring
  6047 | D:5      | Found a bloodstained altar of Trog.
  6067 | D:5      | Reached XP level 8. HP: 60/66 MP: 8/8
  6100 | D:5      | Reached * piety under Okawaru
  6471 | D:5      | Found a radiant altar of Vehumet.
  6562 | D:6      | Found a shadowy altar of Dithmenos.
  6644 | D:6      | Reached skill level 10 in Bows
  7111 | D:6      | Learned a level 2 spell: Blink
  7210 | D:6      | Noticed Peloso's ghost (novice HaFi)
  7607 | D:6      | Killed Peloso's ghost
  7607 | D:6      | Reached ** piety under Okawaru
  7607 | D:6      | Reached skill level 5 in Fighting
  7607 | D:6      | Reached skill level 11 in Bows
  7607 | D:6      | Reached skill level 5 in Unarmed Combat
  7607 | D:6      | Reached XP level 9. HP: 47/74 MP: 9/9
  8161 | D:6      | Gained mutation: You possess an exceptional clarity of mind. [mutagenic meat]
  8205 | D:6      | Found Jumiav's Antique Armour Emporium.
  8209 | D:6      | Bought a pair of glowing gloves for 255 gold pieces
  8546 | D:6      | Noticed Edmund
  8560 | D:6      | Killed Edmund
  8680 | D:6      | Identified the cursed ring "Rim Ehi" {rF+ rC+ AC-3} (You found it on level 5 of the Dungeon)
  8826 | D:7      | Reached *** piety under Okawaru
  9219 | D:7      | Reached skill level 12 in Bows
 10295 | D:8      | Found a staircase to the Lair.
 10296 | D:8      | Noticed a komodo dragon
 10623 | D:8      | Reached **** piety under Okawaru
 10696 | D:8      | Received a gift from Okawaru
 10696 | D:8      | Reached skill level 5 in Dodging
 10696 | D:8      | Reached XP level 10. HP: 76/84 MP: 10/10
 10718 | D:8      | Found a sacrificial altar of Ru.
 10919 | D:8      | Found a burning altar of Makhleb.
 11101 | D:8      | Received a gift from Okawaru
 11101 | D:8      | Reached skill level 13 in Bows
 11489 | D:9      | Noticed Prince Ribbit
 11498 | D:9      | Noticed Gargoyl's ghost (novice CeAK)
 11500 | D:9      | Killed Prince Ribbit
 11500 | D:9      | Received a gift from Okawaru
 12577 | D:9      | Found a staircase to the Orcish Mines.
 12803 | D:9      | Noticed a two-headed ogre
 12832 | D:9      | Killed a two-headed ogre
 12832 | D:9      | Reached ***** piety under Okawaru
 12832 | D:9      | Received a gift from Okawaru
 12832 | D:9      | Reached skill level 14 in Bows
 13204 | D:9      | Killed Gargoyl's ghost
 13441 | D:10     | Entered Level 10 of the Dungeon
 13457 | D:9      | Received a gift from Okawaru
 13522 | D:10     | Found Ynesiq's Assorted Antiques.
 13535 | D:10     | Reached XP level 11. HP: 93/93 MP: 11/11
 13546 | D:10     | Received a gift from Okawaru
 13565 | D:10     | Bought a shiny helmet for 232 gold pieces
 13745 | D:10     | Found a transporter.
 13801 | D:10     | Noticed a fire crab
 13807 | D:10     | Found a transporter.
 13852 | D:10     | Noticed a two-headed ogre
 13875 | D:10     | Killed a two-headed ogre
 14009 | D:10     | Noticed an orc high priest
 14010 | D:10     | Noticed an orc sorcerer
 14488 | Lair:1   | Entered Level 1 of the Lair of Beasts
 14614 | Lair:1   | Reached skill level 1 in Invocations
 14727 | Lair:1   | Received a gift from Okawaru
 14735 | Lair:1   | Noticed an eight-headed hydra
 14754 | Lair:1   | Killed an eight-headed hydra
 14754 | Lair:1   | Reached skill level 15 in Bows
 15424 | Lair:1   | Received a gift from Okawaru
 15578 | Lair:1   | Got a polished longbow {god gift}
 15594 | Lair:1   | Identified the +3 longbow "Kennag" {velocity, MR+ Dex+6} (Okawaru gifted it to you on level 1 of the Lair of Beasts)
 15947 | Lair:1   | Noticed an oklob plant
 16167 | Lair:1   | Killed an oklob plant
 17059 | Lair:2   | Reached skill level 16 in Bows
 17235 | Lair:2   | Noticed Erica
 17240 | Lair:2   | Killed Erica
 17240 | Lair:2   | Received a gift from Okawaru
 17240 | Lair:2   | Reached XP level 12. HP: 104/104 MP: 7/15
 17705 | Lair:3   | Found a dark tunnel.
 17733 | Lair:3   | Received a gift from Okawaru
 17734 | Lair:3   | Got a smoking great sword {god gift}
 18501 | Lair:3   | Reached skill level 5 in Invocations
 18885 | Lair:3   | Learned a level 3 spell: Ozocubu's Armour
 19589 | Lair:4   | Reached skill level 17 in Bows
 19705 | Lair:4   | Noticed an eight-headed hydra
 19718 | Lair:4   | Killed an eight-headed hydra
 19723 | Lair:4   | Found a hole to the Spider Nest.
 19860 | Lair:4   | Received a gift from Okawaru
 20010 | Lair:4   | Reached skill level 10 in Fighting
 20183 | Lair:4   | Found a staircase to the Swamp.
 20519 | Lair:4   | Received a gift from Okawaru
 20637 | Lair:5   | Received a gift from Okawaru
 20716 | Lair:5   | Received a gift from Okawaru
 20766 | Lair:5   | Noticed an eight-headed hydra
 20771 | Lair:5   | Reached skill level 10 in Unarmed Combat
 20828 | Lair:5   | Reached XP level 13. HP: 89/113 MP: 17/17
 20956 | Lair:5   | Got a scintillating steel ring
 20991 | Lair:5   | Found a labyrinth entrance.
 21002 | Lab      | Entered a labyrinth
 21083 | Lab      | Identified the cursed ring "Gatopnos" {MR+ EV-3 Int+5 Dex-5 Stlth-} (You found it on level 5 of the Lair of Beasts)
 21232 | Lab      | Noticed a minotaur
 21250 | Lab      | Killed a minotaur
 21250 | Lab      | Reached skill level 18 in Bows
 21278 | Lab      | Identified the Grimoire of Floating Necromancy
 21278 | Lab      | Identified the Reference Book on Earthen Battle Magic
 21879 | Lair:5   | Reached ****** piety under Okawaru
 22085 | Lair:6   | Entered Level 6 of the Lair of Beasts
 22696 | Lair:6   | Found a staircase to the Slime Pits.
 22901 | Lair:6   | Received a gift from Okawaru
 22902 | Lair:6   | Got a pitted longbow {god gift}
 22903 | Lair:6   | Identified the +1 longbow of the Slime-mould {freeze, rF+} (Okawaru gifted it to you on level 6 of the Lair of Beasts)
 22983 | Lair:6   | Learned a level 2 spell: Swiftness
 23007 | Lair:6   | Reached skill level 19 in Bows
 23936 | Lair:6   | Received a gift from Okawaru
 24165 | Lair:6   | Received a gift from Okawaru
 24165 | Lair:6   | Reached XP level 14. HP: 111/124 MP: 20/20
 24599 | Lair:6   | Received a gift from Okawaru
 25146 | D:10     | Noticed XYNTA's ghost (novice FeBe)
 25217 | D:10     | Killed XYNTA's ghost
 25941 | D:11     | Found a radiant altar of Vehumet.
 27861 | D:11     | Reached skill level 20 in Bows
 28304 | D:12     | Found a frozen archway.
 28389 | IceCv    | Entered an ice cave
 28615 | IceCv    | Killed a reaper
 28897 | IceCv    | Got a shimmering turquoise ring
 29289 | D:12     | Identified the ring of the Pariah {rElec rF- rC+++ MP+9 Int-2} (You found it in an ice cave)
 29328 | D:12     | Received a gift from Okawaru
 29931 | D:13     | Noticed Snorg
 29935 | D:13     | Killed Snorg
 29956 | D:13     | Received a gift from Okawaru
 29979 | D:13     | Reached skill level 10 in Invocations
 30016 | D:13     | Received a gift from Okawaru
 30331 | D:13     | Reached XP level 15. HP: 125/133 MP: 22/22
 30376 | D:13     | Received a gift from Okawaru
 30559 | D:13     | Found a gate to the Vaults.
 30637 | D:13     | Noticed Azrael
 30661 | D:13     | Killed Azrael
 30661 | D:13     | Reached skill level 21 in Bows
 30976 | D:13     | Found Gimmuhiro's Book Shop.
 31119 | D:13     | Noticed Frances
 31128 | D:13     | Killed Frances
 31951 | D:14     | Noticed Louise
 32502 | D:14     | Found Puvoam's Assorted Antiques.
 32565 | D:14     | Killed Louise
 32695 | D:14     | Received a gift from Okawaru
 32696 | D:14     | Got a transparent shortbow {god gift}
 32808 | D:15     | Entered Level 15 of the Dungeon
 33336 | D:15     | Got a bound iron amulet
 33340 | D:15     | Identified the amulet "Epseco Wuty" {Reflect MR+ SH+3 Stlth+} (You found it on level 15 of the Dungeon)
 33544 | D:15     | Received a gift from Okawaru
 33544 | D:15     | Reached skill level 22 in Bows
 33851 | D:15     | Found a portal to a secret trove of treasure.
 34648 | D:15     | Found a staircase to the Depths.
 34689 | D:15     | Reached XP level 16. HP: 143/143 MP: 24/24
 34789 | D:15     | You paid a toll of a +7 demon trident to enter a treasure trove
 34790 | Trove    | Entered a treasure trove
 34800 | Trove    | Got a wavering diamond amulet
 34806 | Trove    | Got a spiked centaur barding
 34810 | Trove    | Got a scintillating amber ring
 34824 | Trove    | Got a smoking longbow
 34827 | Trove    | Got a crude ring mail
 34832 | Trove    | Identified the +9 longbow of Maricaaj {velocity, rC+} (You found it in a treasure trove)
 34834 | Trove    | Identified the ring "Bigyoxurgh" {rN+ MP+9 Dex+6} (You found it in a treasure trove)
 34835 | Trove    | Identified the amulet "Poedeq" {Faith Str+4} (You found it in a treasure trove)
 34849 | Trove    | Identified the +1 centaur barding of Cocytus {*Contam +Blink Regen+ rCorr} (You found it in a treasure trove)
 34859 | Trove    | Identified the +4 ring mail "Hodylag" {Dex+4} (You found it in a treasure trove)
 34916 | Trove    | Gained mutation: Your magical capacity is low. (-10% MP) [mutagenic glow]
 35097 | D:14     | Bought a twisted peridot ring for 120 gold pieces
 35097 | D:14     | Bought a shiny helmet for 180 gold pieces
 35541 | Orc:1    | Entered Level 1 of the Orcish Mines
 35541 | Orc:1    | Noticed Erolcha
 35547 | Orc:1    | Killed Erolcha
 35569 | Orc:1    | Received a gift from Okawaru
 35904 | Orc:2    | Entered Level 2 of the Orcish Mines
 36212 | Orc:2    | Received a gift from Okawaru
 36530 | Orc:2    | Found a staircase to the Elven Halls.
 36569 | Orc:2    | Paralysed by an orc sorcerer for 7 turns
 36951 | Orc:2    | Found Xanakor's Assorted Antiques.
 36951 | Orc:2    | Found Viweg's Gadget Shop.
 36953 | Orc:2    | Found Kallig's Antique Weapon Shoppe.
 36957 | Orc:2    | Found Veorr's Assorted Antiques.
 36966 | Orc:2    | Bought a potion of curing for 84 gold pieces
 36966 | Orc:2    | Bought a potion of curing for 84 gold pieces
 36966 | Orc:2    | Bought a scroll of identify for 56 gold pieces
 36966 | Orc:2    | Bought a metallic brown potion for 25 gold pieces
 36966 | Orc:2    | Bought a fizzy brown potion for 25 gold pieces
 37446 | Orc:1    | Noticed Maurice
 37687 | Orc:2    | Killed Maurice
 37882 | Orc:1    | Noticed Urug
 38000 | Orc:2    | Killed Urug
 38302 | Elf:1    | Entered Level 1 of the Elven Halls
 38354 | Elf:1    | Noticed fartsinmyface's ghost (journeyman FeEn)
 38368 | Elf:1    | Killed fartsinmyface's ghost
 38443 | Elf:1    | Gained mutation: You are resistant to hostile enchantments. (MR+) [mutagenic meat]
 38521 | Elf:1    | Found a ruined gateway.
 38528 | Desolati | Entered the Desolation of Salt
 39184 | Elf:1    | Received a gift from Okawaru
 39190 | Elf:1    | Got a jewelled longbow {god gift}
 39199 | Elf:1    | Identified the +1 longbow "Ymofumpy" {freeze, Int+4} (Okawaru gifted it to you on level 1 of the Elven Halls)
 39228 | Elf:1    | Noticed Romulous's ghost (adept MiFi)
 39308 | Elf:1    | Killed Romulous's ghost
 39776 | Elf:1    | Reached skill level 23 in Bows
 39908 | Elf:1    | Received a gift from Okawaru
 40333 | Elf:2    | Noticed Agnes
 40348 | Elf:2    | Killed Agnes
 40348 | Elf:2    | Received a gift from Okawaru
 40413 | Elf:2    | Noticed Necrophagist's ghost (adept CeWr)
 40440 | Elf:2    | Killed Necrophagist's ghost
 40552 | Elf:2    | Received a gift from Okawaru
 40796 | Elf:2    | Found a runed gate.
 40796 | Elf:2    | Found a runed gate.
 40796 | Elf:2    | Found a runed gate.
 41162 | Elf:2    | Reached XP level 17. HP: 151/151 MP: 23/23
 41256 | Elf:2    | Received a gift from Okawaru
 41578 | Elf:2    | Noticed a deep elf blademaster
 41593 | Elf:2    | Killed a deep elf blademaster
 41593 | Elf:2    | Received a gift from Okawaru
 42321 | Swamp:1  | Entered Level 1 of the Swamp
 42491 | Swamp:1  | Reached skill level 24 in Bows
 42499 | Swamp:1  | Noticed Roxanne
 42527 | Swamp:1  | Received a gift from Okawaru
 43516 | Swamp:1  | Killed Roxanne
 44571 | Swamp:2  | Reached skill level 1 in Armour
 45627 | Swamp:2  | Received a gift from Okawaru
 46753 | Swamp:4  | Entered Level 4 of the Swamp
 47854 | Swamp:4  | Reached XP level 18. HP: 141/158 MP: 24/24
 48007 | Swamp:4  | Noticed a bone dragon
 48027 | Swamp:4  | Killed a bone dragon
 48057 | Swamp:4  | Got a decaying rune of Zot
 48413 | Swamp:4  | Reached skill level 25 in Bows
 48810 | Spider:1 | Entered Level 1 of the Spider Nest
 49712 | Spider:1 | Received a gift from Okawaru
 49816 | Spider:1 | Reached skill level 15 in Fighting
 49916 | Spider:1 | Reached skill level 15 in Unarmed Combat
 50225 | Spider:1 | Received a gift from Okawaru
 50666 | Spider:2 | Received a gift from Okawaru
 50687 | Spider:2 | Got a bronze leather armour
 50849 | Spider:2 | Identified the +6 leather armour of Conscience {rPois rC- rCorr Int+6} (You found it on level 2 of the Spider Nest)
 51139 | Spider:2 | Got a brightly glowing amber ring
 51140 | Spider:2 | Identified the ring of Irphy {rPois rF+ MR+ Str+5} (You found it on level 2 of the Spider Nest)
 52587 | Spider:4 | Entered Level 4 of the Spider Nest
 53099 | Spider:4 | Paralysed by a hornet for 1 turns
 53545 | Spider:4 | Received a gift from Okawaru
 54195 | Spider:4 | Reached skill level 26 in Bows
 54230 | Spider:4 | Reached XP level 19. HP: 165/171 MP: 25/25
 54494 | Spider:4 | Reached skill level 5 in Armour
 54659 | Spider:4 | Received a gift from Okawaru
 55146 | Spider:4 | Got a gossamer rune of Zot
 55630 | Vaults:1 | Entered Level 1 of the Vaults
 55664 | Vaults:1 | Received a gift from Okawaru
 55768 | Vaults:1 | Identified 2 scrolls of acquirement
 55793 | Vaults:1 | Got a pair of dazzling gloves
 55804 | Vaults:1 | Identified the +1 pair of gloves of Ru's Righteous Fury {-Cast +Inv MP+9} (You acquired it on level 1 of the Vaults)
 55958 | Vaults:1 | Received a gift from Okawaru
 56260 | Vaults:1 | Found a gateway to a bazaar.
 56404 | Bazaar   | Entered a bazaar
 56418 | Bazaar   | Found Keskaabb's Antique Armour Shoppe.
 56418 | Bazaar   | Found Woquug's Book Emporium.
 56441 | Bazaar   | Found Irea's Armour Shoppe.
 56441 | Bazaar   | Found Hutaqiss's Book Emporium.
 56463 | Bazaar   | Found Ytrampo's Assorted Antiques.
 56463 | Bazaar   | Found Hubymief's Book Emporium.
 56505 | Bazaar   | Bought a book of Changes for 475 gold pieces
 56511 | Bazaar   | Learned a level 5 spell: Blade Hands
 58554 | Vaults:2 | Found a staircase to the Crypt.
 58671 | Vaults:2 | Received a gift from Okawaru
 58706 | Vaults:2 | Received a gift from Okawaru
 58711 | Vaults:2 | Got a heavily runed scarf {god gift}
 58913 | Vaults:2 | Identified the scarf of a sewer {Dex+4} (Okawaru gifted it to you on level 2 of the Vaults)
 59651 | Vaults:2 | Reached skill level 27 in Bows
 60517 | Vaults:3 | Reached XP level 20. HP: 112/182 MP: 26/26
 61935 | Vaults:3 | Reached skill level 1 in Charms
 62418 | Vaults:4 | Received a gift from Okawaru
 62430 | Vaults:4 | Got a crude longbow {god gift}
 62442 | Vaults:4 | Identified the +10 longbow "Heits" {flame, Int+10} (Okawaru gifted it to you on level 4 of the Vaults)
 62619 | Vaults:4 | Found Ateun's Magic Scroll Boutique.
 62798 | Vaults:4 | Bought a scroll of identify for 42 gold pieces
 62798 | Vaults:4 | Bought a scroll of teleportation for 63 gold pieces
 62798 | Vaults:4 | Bought a scroll of enchant armour for 157 gold pieces
 62798 | Vaults:4 | Bought a scroll of identify for 42 gold pieces
 63791 | Vaults:4 | Received a gift from Okawaru
 65325 | Vaults:4 | Received a gift from Okawaru
 65366 | Vaults:4 | Reached skill level 5 in Charms
 65697 | Vaults:4 | Reached XP level 21. HP: 192/192 MP: 27/27
 65753 | Vaults:5 | Entered Level 5 of the Vaults
 67792 | Vaults:5 | Received a gift from Okawaru
 67805 | Vaults:5 | Received a gift from Okawaru
 68424 | Vaults:5 | Noticed Margery
 68431 | Vaults:4 | Received a gift from Okawaru
 68435 | Vaults:4 | Got a polished longbow {god gift}
 68444 | Vaults:4 | Identified the +5 longbow "Uzicw" {venom, rElec rF+ Int+4} (Okawaru gifted it to you on level 4 of the Vaults)
 68485 | Vaults:4 | Reached skill level 10 in Dodging
 70187 | Vaults:5 | Received a gift from Okawaru
 70609 | Vaults:5 | Received a gift from Okawaru
 70669 | Vaults:5 | Reached XP level 22. HP: 202/202 MP: 28/28
 71753 | Vaults:5 | Killed Margery
 71936 | Vaults:5 | Received a gift from Okawaru
 72427 | Vaults:5 | Got a sparkling platinum ring
 72500 | Vaults:5 | Got a silver rune of Zot
 72876 | Vaults:5 | Received a gift from Okawaru
 73687 | Vaults:5 | Identified the ring "Tairoroe" {rCorr rC- Dex+3 Stlth+} (You took it off a vault warden on level 5 of the Vaults)
 74038 | Depths:1 | Entered Level 1 of the Depths
 74052 | Depths:1 | Reached XP level 23. HP: 211/211 MP: 29/29
 74061 | Depths:1 | Found a one-way gate leading to the halls of Pandemonium.
 74075 | Depths:1 | Found a gateway to Hell.
 74330 | Depths:1 | Reached skill level 10 in Charms
 74336 | Depths:1 | Found Mumekhotz's General Store.
 75467 | Depths:2 | Reached XP level 24. HP: 221/221 MP: 29/29
 75545 | Depths:2 | Found a one-way gate to the infinite horrors of the Abyss.
 75702 | Depths:2 | Noticed Ge0ff's ghost (master MfVM)
 75706 | Depths:2 | Got a scorched jade ring
 75721 | Depths:2 | Killed Ge0ff's ghost
 75721 | Depths:2 | Received a gift from Okawaru
 75740 | Depths:2 | Identified the ring of Muipnir {rN+ Dex+2} (You found it on level 2 of the Depths)
 76225 | Depths:2 | Found a gateway to a ziggurat.
 76455 | Depths:2 | HP: 3/222 [caustic shrike (17)]
 76455 | Depths:2 | Splashed by a caustic shrike's acid

Skill      XL: |  1  2  3  4  5  6  7  8  9 10 11 12 13 14 15 16 17 18 19 20 21 22 23 24 |
---------------+-------------------------------------------------------------------------+-----
Unarmed Combat | 1 2 3 5 6 7 8 10 11 12 13 14 15 16 17 18 19 | 19.2
Bows           | 6 7 8 9 11 12 14 16 17 19 20 22 23 24 26 27 | 27.0
Dodging        | 2 3 4 5 6 7 9 10 11 12 | 12.1
Fighting       | 3 4 5 6 7 9 10 11 12 13 14 15 16 17 18 19 | 19.4
Invocations    | 4 6 8 10 11 12 13 | 13.0
Armour         | 2 4 5 |  5.0
Charms         | 5 8 9 10 | 10.0
Spellcasting   | 2 3 4 |  4.3
Stealth        | |  0.4
Transmutations | |  0.1

Action                   |  1- 3 |  4- 6 |  7- 9 | 10-12 | 13-15 | 16-18 | 19-21 | 22-24 || total
-------------------------+-------+-------+-------+-------+-------+-------+-------+-------++-------
Melee: Unarmed           |   180 |    76 |   281 |   326 |   308 |   193 |    52 |    33 ||  1449
       Kick              |    37 |    20 |    89 |   113 |   127 |   107 |    29 |     8 ||   530
       Punch             |       |     1 |     4 |     6 |    20 |    28 |     8 |     3 ||    70
       Longbow           |       |       |       |       |     2 |       |       |       ||     2
 Fire: Shortbow          |     1 |    65 |   160 |   307 |       |       |       |       ||   533
       Longbow           |       |       |       |   240 |  1016 |  1662 |  1566 |   629 ||  5113
 Cast: Blink             |       |       |       |       |       |       |     4 |     1 ||     5
       Ozocubu's Armour  |       |       |       |       |       |       |     7 |     2 ||     9
       Swiftness         |       |       |       |       |       |       |     2 |     4 ||     6
Invok: Heroism           |       |       |       |    10 |     3 |     6 |     1 |       ||    20
       Finesse           |       |       |       |     1 |     2 |     7 |     3 |     1 ||    14
 Abil: Evoke Flight      |       |       |       |       |       |     2 |       |       ||     2
  Use: Scroll            |       |       |     1 |    16 |     8 |    20 |    20 |     8 ||    73
       Potion            |       |       |       |       |       |     2 |     1 |     3 ||     6
 Stab: Sleeping          |       |       |       |       |     2 |     1 |     1 |       ||     4
  Eat: Chunk             |     3 |     6 |    18 |    21 |    36 |    46 |    44 |    15 ||   189
       Fruit             |       |       |       |     6 |     4 |     5 |     1 |     1 ||    17
Armor: Skin              |    51 |    29 |    44 |       |       |       |       |       ||   124
       Robe              |       |       |    36 |   129 |   212 |       |       |       ||   377
       Ring mail         |       |       |       |       |       |   227 |       |       ||   227
       Swamp dragon scal |       |       |       |       |       |   117 |       |       ||   117
       Scale mail        |       |       |       |       |       |    15 |       |       ||    15
       Leather armour    |       |       |       |       |       |    92 |   188 |    51 ||   331
Dodge: Dodged            |    92 |    40 |   190 |   265 |   240 |   367 |   263 |   124 ||  1581
Block: Other             |       |       |       |       |     4 |    76 |    57 |    16 ||   153
       Reflection        |       |       |       |       |     1 |     3 |    15 |     7 ||    26
